[Event "Polugaevsky Memorial 2019"]
[Site "Samara"]
[Date "2019.07.14"]
[Round "5.7"]
[White "Perov, German"]
[Black "Gabrielian, Artur"]
[Result "0-1"]
[ECO "B21"]
[WhiteElo "2194"]
[BlackElo "2458"]
[Annotator "ChessBase"]
[PlyCount "70"]
[EventDate "2019.07.10"]
[EventType "swiss"]
[EventCountry "RUS"]
[SourceTitle "playchess.com"]
[Source "ChessBase"]
[SourceQuality "1"]
[TimeControl "5400+30"]

1. e4 c5 2. d4 cxd4 3. c3 Nf6 4. e5 Nd5 5. Nf3 d6 6. exd6 e6 7. Nxd4 Bxd6 8. g3 O-O 9. Bg2 Nc6 10. Nxc6 bxc6 11. O-O Ba6 12. Re1 Qb6 13. Nd2 Rad8 14. Qc2 Rfe8 15. a3 Bf8 16. c4 Ne7 17. Nf3 Nf5 18. b4 c5 19. b5 Bb7 20. Qc3 Be7 21. Bf4 Bf6 22. Be5 Bxe5 23. Nxe5 Bxg2 24. Kxg2 Nd4 25. a4 Qb7+ 26. f3 f6 27. Ng4 e5 28. Nf2 f5 29. Re3 f4 30. Re4 fxg3 31. Nd3 Rf8 32. Nxc5 Qe7 33. Nd3 Rxf3 34. Rae1 gxh2 35. Rxe5 h1=Q+ {[%emt 0:01:30] Rf5} 0-1

[Event "Polugaevsky Memorial 2019"]
[Site "Samara"]
[Date "2019.07.14"]
[Round "5.9"]
[White "Gusarov, Aleksey"]
[Black "Shapiro, David"]
[Result "1/2-1/2"]
[ECO "B06"]
[WhiteElo "2258"]
[BlackElo "2410"]
[Annotator "NA"]
[PlyCount "80"]
[EventDate "2019.07.10"]
[EventType "swiss"]
[EventCountry "RUS"]
[SourceTitle "playchess.com"]
[Source "ChessBase"]
[SourceQuality "1"]
[TimeControl "5400+30"]

1. e4 g6 2. d4 Bg7 3. c3 d5 4. exd5 Qxd5 5. Be2 Bf5 6. Nd2 e5 7. Bf3 Qb5 $16 (7... e4 $14 8. Qe2 Nf6 9. Bxe4 Nxe4) 8. Qb3 Qxb3 9. axb3 Nc6 10. Bxc6+ bxc6 11. dxe5 Bxe5 12. Ngf3 Bf6 13. O-O Ne7 14. Re1 O-O 15. Ne4 Bg7 16. Ng3 Bf6 17. Nxf5 Nxf5 18. Bf4 Rfb8 19. b4 Rb7 20. Ra6 Ne7 21. Be3 Nd5 22. Bc5 Nb6 23. Re2 Kg7 24. g3 Nd7 25. Rxc6 a5 26. bxa5 Rxa5 27. Bd4 Bxd4 28. cxd4 Kf8 29. Rec2 Rab5 30. Rxc7 Rxb2 31. Rc8+ Ke7 32. Rxb2 Rxb2 33. Rc7 Kd6 34. Ra7 h6 35. h4 Rb6 36. Nd2 Rc6 37. Kg2 Rc2 38. Nf3 Ke6 39. d5+ Kd6 40. Nd4 Rc5 1/2-1/2

[Event "Polugaevsky Memorial 2019"]
[Site "Samara"]
[Date "2019.07.14"]
[Round "5.10"]
[White "Purygin, Andrei"]
[Black "Kavyev, Ruslan"]
[Result "1/2-1/2"]
[ECO "B23"]
[WhiteElo "2395"]
[BlackElo "2167"]
[Annotator "NA"]
[PlyCount "69"]
[EventDate "2019.07.10"]
[EventType "swiss"]
[EventCountry "RUS"]
[SourceTitle "playchess.com"]
[Source "ChessBase"]
[SourceQuality "1"]
[TimeControl "5400+30"]

1. e4 c5 2. Nc3 d6 3. d4 cxd4 4. Qxd4 Nc6 5. Qd2 Nf6 6. b3 e6 7. Bb2 Be7 8. O-O-O O-O 9. f4 a6 10. Nf3 b5 11. Bd3 Bb7 12. g4 Nb4 13. g5 Nxd3+ 14. cxd3 Nd7 15. h4 a5 16. g6 fxg6 17. Nd4 Nc5 18. Ndxb5 Qd7 19. Qe3 Rfc8 20. Kb1 Ba6 21. d4 Bxb5 22. dxc5 Rxc5 23. Ba3 Rcc8 24. e5 Bc6 25. exd6 Bxh1 26. dxe7 Bd5 27. Qe5 Rxc3 28. Qxc3 a4 29. Rc1 axb3 30. axb3 Kf7 31. Qb4 Qa7 32. Qa4 Qb7 33. Qb4 Qa7 34. Qa4 Qb7 35. Qb4 1/2-1/2

[Event "Polugaevsky Memorial 2019"]
[Site "Samara"]
[Date "2019.07.15"]
[Round "6.1"]
[White "Aukhatov, Roman"]
[Black "Utegaliyev, Azamat"]
[Result "1/2-1/2"]
[ECO "A05"]
[WhiteElo "2119"]
[BlackElo "2510"]
[Annotator "ChessBase"]
[PlyCount "81"]
[EventDate "2019.07.10"]
[EventType "swiss"]
[EventCountry "RUS"]
[SourceTitle "playchess.com"]
[Source "ChessBase"]
[SourceQuality "1"]
[TimeControl "5400+30"]

1. Nf3 Nf6 2. c4 b6 3. g3 Bb7 4. Bg2 c5 5. O-O g6 6. d4 cxd4 7. Qxd4 Bg7 8. Nc3 d6 9. Rd1 Nbd7 10. b3 O-O 11. Bb2 Ne4 12. Qe3 Nxc3 13. Bxc3 Bxc3 14. Qxc3 Rc8 15. Qd2 Rc5 16. Nd4 Bxg2 17. Kxg2 Nf6 18. f3 a6 19. Rac1 Qa8 20. b4 Rc7 21. b5 Nd7 22. Nc6 Ne5 23. Nxe5 dxe5 24. Qe3 Rc5 25. bxa6 Qxa6 26. Rd5 Rxc4 27. Rxc4 Qxc4 28. Rxe5 e6 29. Qxb6 Qxa2 30. Qa5 Qc2 31. Qc5 Qd1 32. Qg1 Qd7 33. Qe3 Ra8 34. Rc5 h5 35. h4 Qd6 36. Qc3 Rd8 37. Rc8 Rxc8 38. Qxc8+ Kg7 39. Qc3+ Kg8 40. Qc4 Qe5 41. Kf2 1/2-1/2

[Event "Polugaevsky Memorial 2019"]
[Site "Samara"]
[Date "2019.07.15"]
[Round "6.2"]
[White "Tunik, Gennady"]
[Black "Shaposhnikov, Evgeny"]
[Result "1/2-1/2"]
[ECO "E15"]
[WhiteElo "2371"]
[BlackElo "2575"]
[Annotator "ChessBase"]
[PlyCount "202"]
[EventDate "2019.07.10"]
[EventType "swiss"]
[EventCountry "RUS"]
[SourceTitle "playchess.com"]
[Source "ChessBase"]
[SourceQuality "1"]
[TimeControl "5400+30"]

1. d4 Nf6 2. c4 e6 3. Nf3 b6 4. g3 Bb4+ 5. Bd2 Bxd2+ 6. Qxd2 Ba6 7. Qc2 c5 8. Bg2 Nc6 9. dxc5 bxc5 10. O-O O-O 11. b3 Rc8 12. Rd1 d5 13. cxd5 Nxd5 14. Qb2 Qa5 15. a3 Rfd8 16. h4 Nd4 17. Nxd4 cxd4 18. b4 Qb6 19. Rxd4 Bxe2 20. Nd2 Bh5 21. Nb3 Bg6 22. Rc1 h6 23. Qd2 Nf6 24. Rc5 Kh7 25. Bf3 Rxd4 26. Qxd4 Rd8 27. Qc4 Qd6 28. Kg2 Qd3 29. Nc1 Qxa3 30. h5 Bb1 31. Qb3 Qxb3 32. Nxb3 Rb8 33. b5 Be4 34. Nd4 Rb7 35. Bxe4+ Nxe4 36. Re5 Nf6 37. f4 Rd7 38. Nc6 Rd2+ 39. Kf3 Ra2 40. f5 exf5 41. Rxf5 a6 42. bxa6 Rxa6 43. Na5 Rb6 44. Nc4 Rb3+ 45. Ne3 Nd7 46. Rd5 Nf8 47. g4 Ne6 48. Rd7 Ng5+ 49. Kf2 Ne4+ 50. Kf3 Nf6 51. Rd4 Ra3 52. Kf2 Ra8 53. Kf3 Kg8 54. Rd3 Nh7 55. Rd4 Ng5+ 56. Kf2 Ra2+ 57. Kg3 Re2 58. Rd8+ Kh7 59. Rd3 Ra2 60. Rd4 Ra1 61. Kf2 Rh1 62. Kg2 Rh3 63. Kf2 Rf3+ 64. Ke2 Rf6 65. Ra4 Rb6 66. Kf2 Rb8 67. Rd4 Re8 68. Rb4 Kg8 69. Rd4 Kf8 70. Nf5 Ra8 71. Rd3 Ne6 72. Kg3 Ra4 73. Rb3 Kg8 74. Rd3 Kh7 75. Rc3 Ng5 76. Rd3 Ne4+ 77. Kf3 Nf6 78. Ne3 g6 79. hxg6+ Kxg6 80. Rb3 Ne4 81. Rb6+ f6 82. Rb8 Ng5+ 83. Kg3 Ra3 84. Kf2 Ne4+ 85. Kf3 Nd6 86. Rb4 Kg5 87. Kf2 Ra6 88. Kg3 Ra3 89. Kf2 Ra7 90. Kg3 Ra8 91. Rd4 Nf7 92. Rd7 Ra3 93. Rxf7 Rxe3+ 94. Kf2 Ra3 95. Rg7+ Kf4 96. Rg6 Ra2+ 97. Kg1 Ra6 98. Kg2 Rd6 99. Kf2 Ra6 100. Kg2 Rd6 101. Kf2 Ra6 1/2-1/2

[Event "Polugaevsky Memorial 2019"]
[Site "Samara"]
[Date "2019.07.15"]
[Round "6.3"]
[White "Yatzenko, Anton"]
[Black "Goganov, Aleksey"]
[Result "1/2-1/2"]
[ECO "D02"]
[WhiteElo "2355"]
[BlackElo "2561"]
[Annotator "ChessBase"]
[PlyCount "80"]
[EventDate "2019.07.10"]
[EventType "swiss"]
[EventCountry "RUS"]
[SourceTitle "playchess.com"]
[Source "ChessBase"]
[SourceQuality "1"]
[TimeControl "5400+30"]

1. d4 d5 2. Nf3 Nf6 3. Bf4 e6 4. e3 c5 5. Nbd2 Nc6 6. c3 Bd6 7. Bg3 O-O 8. Bb5 Be7 9. dxc5 Bxc5 10. O-O Be7 11. Qe2 Nh5 12. c4 Nxg3 13. hxg3 Bf6 14. cxd5 exd5 15. Nb3 Qb6 16. Rac1 Bxb2 17. Qxb2 Qxb5 18. Rc5 Qb6 19. Rxd5 Be6 20. Rd2 Bxb3 21. axb3 Rad8 22. Rfd1 Rxd2 23. Rxd2 Rd8 24. Qc2 Rxd2 25. Nxd2 Qa5 26. Qd3 Qd8 27. Qe4 h6 28. Nc4 g6 29. Qc2 Nb4 30. Qc3 Qd1+ 31. Kh2 Nd3 32. Qf6 Qxb3 33. Nd6 Qd5 34. f3 Ne1 35. Ne8 Kf8 36. Nd6 Qa2 37. Qd8+ Kg7 38. Ne8+ Kh7 39. Nf6+ Kg7 40. Ne8+ Kh7 1/2-1/2

[Event "Polugaevsky Memorial 2019"]
[Site "Samara"]
[Date "2019.07.15"]
[Round "6.4"]
[White "Gabrielian, Artur"]
[Black "Kopylov, Alexander A."]
[Result "1-0"]
[ECO "B13"]
[WhiteElo "2458"]
[BlackElo "2410"]
[Annotator "ChessBase"]
[PlyCount "101"]
[EventDate "2019.07.10"]
[EventType "swiss"]
[EventCountry "RUS"]
[SourceTitle "playchess.com"]
[Source "ChessBase"]
[SourceQuality "1"]
[TimeControl "5400+30"]

1. e4 c6 2. d4 d5 3. exd5 cxd5 4. Bd3 Nc6 5. c3 g6 6. Nf3 Bg7 7. O-O Nh6 8. Bf4 O-O 9. Qd2 Nf5 10. Na3 f6 11. Rfe1 Re8 12. Rad1 e5 13. dxe5 fxe5 14. Bg5 Qb6 15. Bxf5 gxf5 16. Qxd5+ Be6 17. Qd2 f4 18. Qe2 h6 19. Bh4 Bxa2 20. Nc4 Qc7 21. Nfd2 b5 22. Na3 a6 23. Ne4 Be6 24. Nb1 Rf8 25. Rd6 Bf5 26. Nbd2 Rae8 27. Rd1 Re6 28. Rxe6 Bxe6 29. Nc5 Bc8 30. Nde4 f3 31. gxf3 Ne7 32. Bg3 Rd8 33. Rxd8+ Qxd8 34. Qd3 Qf8 35. Nd6 Bh3 36. b4 Kh8 37. Qe4 Nf5 38. Nxf5 Bxf5 39. Qd5 Qe8 40. h4 Bc8 41. Nd3 Be6 42. Qd6 Qg6 43. Qxa6 Qxd3 44. Qxe6 Qxc3 45. Qe8+ Kh7 46. Qxb5 Qxf3 47. Qd7 Qe2 48. b5 Qb2 49. Qc6 Qb1+ 50. Kh2 e4 51. b6 1-0

[Event "Polugaevsky Memorial 2019"]
[Site "Samara"]
[Date "2019.07.15"]
[Round "6.5"]
[White "Ovetchkin, Roman"]
[Black "Zhigalko, Andrey"]
[Result "0-1"]
[ECO "E06"]
[WhiteElo "2538"]
[BlackElo "2549"]
[Annotator "ChessBase"]
[PlyCount "44"]
[EventDate "2019.07.10"]
[EventType "swiss"]
[EventCountry "RUS"]
[SourceTitle "playchess.com"]
[Source "ChessBase"]
[SourceQuality "1"]
[TimeControl "5400+30"]

1. d4 Nf6 2. c4 e6 3. Nf3 d5 4. g3 Be7 5. Bg2 O-O 6. O-O dxc4 7. Qc2 b5 8. a4 b4 9. Ne5 Qxd4 10. Nxc4 Nd5 11. Be3 Qg4 12. Nbd2 Nd7 13. Rfd1 Ba6 14. Rac1 c5 15. a5 Rad8 16. Qa4 Qg6 17. Nf1 Qf6 18. Rd2 h6 19. Qb3 Nb8 20. Rcd1 Nc6 21. Qc2 Nd4 22. Rxd4 Nxe3 0-1

[Event "Polugaevsky Memorial 2019"]
[Site "Samara"]
[Date "2019.07.15"]
[Round "6.6"]
[White "Mamatov, Melis"]
[Black "Yeletsky, Ivan"]
[Result "1-0"]
[ECO "C77"]
[WhiteElo "2269"]
[BlackElo "2464"]
[Annotator "ChessBase"]
[PlyCount "75"]
[EventDate "2019.07.10"]
[EventType "swiss"]
[EventCountry "RUS"]
[SourceTitle "playchess.com"]
[Source "ChessBase"]
[SourceQuality "1"]
[TimeControl "5400+30"]

1. e4 e5 2. Nf3 Nc6 3. Bb5 a6 4. Ba4 Nf6 5. d3 d6 6. c3 g6 7. Bg5 Bg7 8. Nbd2 O-O 9. Nf1 h6 10. Bh4 Ne7 11. Ne3 c6 12. Bc2 Nh5 13. d4 Qc7 14. g4 Nf4 15. Bg3 c5 16. Qd2 cxd4 17. cxd4 Be6 18. d5 Bd7 19. O-O-O Bb5 20. Ng1 f5 21. Kb1 fxe4 22. Bxe4 Rac8 23. h4 Qb6 24. f3 a5 25. Rh2 Rc7 26. Qe1 Rfc8 27. Rc2 Rxc2 28. Nxc2 Qa6 29. Qd2 g5 30. h5 Be8 31. Ne3 Bf7 32. Bxf4 exf4 33. Nf5 Nxf5 34. Bxf5 Rc5 35. Rc1 Qb6 36. Ne2 Bxb2 37. Qxb2 Rb5 38. Rc8+ 1-0

[Event "Polugaevsky Memorial 2019"]
[Site "Samara"]
[Date "2019.07.15"]
[Round "6.7"]
[White "Gusarov, Aleksey"]
[Black "Mokshanov Alexey"]
[Result "0-1"]
[ECO "C00"]
[WhiteElo "2258"]
[BlackElo "2454"]
[Annotator "ChessBase"]
[PlyCount "78"]
[EventDate "2019.07.10"]
[EventType "swiss"]
[EventCountry "RUS"]
[SourceTitle "playchess.com"]
[Source "ChessBase"]
[SourceQuality "1"]
[TimeControl "5400+30"]

1. e4 e6 2. Qe2 c5 3. g3 Nc6 4. Nf3 d6 5. Bg2 g6 6. O-O Bg7 7. c3 Nge7 8. d4 cxd4 9. cxd4 Nxd4 10. Nxd4 Bxd4 11. Bh6 Nc6 12. Nc3 a6 13. Rad1 Qe7 14. Qc2 Bxc3 15. bxc3 e5 16. Qd2 Be6 17. Qxd6 Rd8 18. Qxe7+ Kxe7 19. a3 Bc4 20. Rfe1 b5 21. f4 f6 22. fxe5 Nxe5 23. Be3 Bb3 24. Rxd8 Rxd8 25. Bd4 Nc6 26. Bc5+ Kf7 27. Rb1 Ba2 28. Rb2 Rd1+ 29. Kf2 Bc4 30. Bf3 Rf1+ 31. Ke3 Rxf3+ 32. Kxf3 Ne5+ 33. Ke3 Nd3 34. Rd2 Nxc5 35. Rd6 a5 36. Rc6 Nd7 37. a4 Ke7 38. Kd4 Ne5 39. Ra6 bxa4 0-1

[Event "Polugaevsky Memorial 2019"]
[Site "Samara"]
[Date "2019.07.15"]
[Round "6.8"]
[White "Gaifullin, Artur"]
[Black "Kulaev Maxim"]
[Result "1/2-1/2"]
[ECO "A04"]
[WhiteElo "2453"]
[BlackElo "2177"]
[Annotator "ChessBase"]
[PlyCount "160"]
[EventDate "2019.07.10"]
[EventType "swiss"]
[EventCountry "RUS"]
[SourceTitle "playchess.com"]
[Source "ChessBase"]
[SourceQuality "1"]
[TimeControl "5400+30"]

1. Nf3 e6 2. g3 b5 3. Bg2 Bb7 4. O-O Nf6 5. Na3 b4 6. Nc4 d5 7. Nce5 h6 8. d4 c5 9. a3 bxa3 10. Rxa3 Nbd7 11. Nxd7 Nxd7 12. Ra2 Be7 13. Be3 c4 14. Ne5 Qc7 15. f4 O-O 16. Nf3 f5 17. c3 Bc6 18. h3 a5 19. g4 fxg4 20. hxg4 Rxf4 21. Bxf4 Qxf4 22. g5 e5 23. Qd2 Qg4 24. gxh6 e4 25. Nh2 Qg3 26. Qf4 Qxf4 27. Rxf4 gxh6 28. Ng4 Bg5 29. Rf5 a4 30. Bh3 Rf8 31. Rxf8+ Kxf8 32. Kf2 Ke7 33. Ne3 Nf6 34. Nf5+ Kd8 35. Nd6 Bc1 36. e3 h5 37. Nf7+ Kc7 38. Ng5 Kd6 39. Bf5 Ke7 40. Nh3 Ng4+ 41. Bxg4 hxg4 42. Nf4 g3+ 43. Ke2 Kd6 44. Ng2 a3 45. bxa3 Ba4 46. Nf4 Bb3 47. Ra1 Bb2 48. Rh1 Bxc3 49. Rh6+ Kd7 50. Nxd5 Ba5 51. Nf6+ Ke7 52. Nxe4 g2 53. Kf2 c3 54. Nxc3 Bxc3 55. Kxg2 Bb2 56. Ra6 Kd7 57. Kg3 Kc7 58. Kf4 Kb7 59. Ra5 Kb6 60. Rc5 Bxa3 61. Rc3 Bd6+ 62. Kf5 Bg8 63. Rc8 Ba2 64. e4 Bc7 65. d5 Bb1 66. Rh8 Kc5 67. Rh1 Bd3 68. Rh6 Kd4 69. Re6 Bxe4+ 70. Rxe4+ Kxd5 71. Re7 Kc6 72. Ke6 Kb7 73. Kd5 Kb6 74. Re6+ Kb7 75. Kc5 Bh2 76. Rh6 Bb8 77. Kb5 Ka8 78. Rh7 Bg3 79. Rg7 Bf4 80. Kc6 Be5 1/2-1/2

[Event "Polugaevsky Memorial 2019"]
[Site "Samara"]
[Date "2019.07.15"]
[Round "6.9"]
[White "Lysenko, Margarita"]
[Black "Kuderinov Kirill"]
[Result "1/2-1/2"]
[ECO "E20"]
[WhiteElo "2224"]
[BlackElo "2439"]
[Annotator "ChessBase"]
[PlyCount "81"]
[EventDate "2019.07.10"]
[EventType "swiss"]
[EventCountry "RUS"]
[SourceTitle "playchess.com"]
[Source "ChessBase"]
[SourceQuality "1"]
[TimeControl "5400+30"]

1. d4 Nf6 2. c4 e6 3. Nc3 Bb4 4. f3 O-O 5. a3 Be7 6. e4 d5 7. e5 Ne8 8. cxd5 exd5 9. f4 c5 10. Nf3 Nc6 11. Be3 cxd4 12. Nxd4 f6 13. Bb5 Nxd4 14. Bxd4 fxe5 15. Bxe5 Nf6 16. O-O Be6 17. Be2 Ne4 18. Nxe4 dxe4 19. Qa4 Qb6+ 20. Kh1 Bf5 21. g4 Bg6 22. Bc4+ Kh8 23. Bd5 Rad8 24. Bxe4 Qa6 25. Qc2 Rd2 26. Qxd2 Bxe4+ 27. Kg1 Bc5+ 28. Rf2 Qg6 29. h3 Bc6 30. Kh2 Bxf2 31. Qxf2 Qd3 32. Re1 Kg8 33. Bc3 Qd6 34. Qd4 Qxf4+ 35. Qxf4 Rxf4 36. Re7 Rf7 37. Rxf7 Kxf7 38. Kg3 g6 39. Kf4 a6 40. h4 h5 41. gxh5 1/2-1/2

[Event "Polugaevsky Memorial 2019"]
[Site "Samara"]
[Date "2019.07.15"]
[Round "6.10"]
[White "Shapiro, David"]
[Black "Mochalin, Faddey"]
[Result "1/2-1/2"]
[ECO "A00"]
[WhiteElo "2410"]
[BlackElo "2115"]
[Annotator "ChessBase"]
[PlyCount "229"]
[EventDate "2019.07.10"]
[EventType "swiss"]
[EventCountry "RUS"]
[SourceTitle "playchess.com"]
[Source "ChessBase"]
[SourceQuality "1"]
[TimeControl "5400+30"]

1. g3 d5 2. Bg2 c6 3. d4 Nf6 4. Nf3 Bf5 5. c4 e6 6. Nc3 h6 7. Qb3 Qb6 8. c5 Qxb3 9. axb3 Na6 10. Ne5 Nd7 11. Nxc6 Naxc5 12. Na5 b6 13. dxc5 bxa5 14. e4 dxe4 15. Nxe4 Bxe4 16. Bxe4 Rc8 17. Bd2 Nxc5 18. Bc2 Nd7 19. Bd3 Bb4 20. Ke2 Bxd2 21. Kxd2 Nc5 22. Bc4 a4 23. Ke3 Rb8 24. bxa4 Ke7 25. Rab1 Nxa4 26. b3 Nb6 27. Ra1 Rb7 28. Bd3 Nd5+ 29. Ke2 Rd8 30. Rhc1 Kf6 31. Ra3 Rdb8 32. Bc4 Ne7 33. Ra6 Nc8 34. Kf1 Rc7 35. Rca1 Rb6 36. R6a5 g6 37. h4 h5 38. Kg2 Ke7 39. R1a3 Kf6 40. R5a4 Ke7 41. Ba6 Nd6 42. Be2 Kf6 43. Rxa7 Rxa7 44. Rxa7 Rxb3 45. Rd7 Nf5 46. Bd3 Ne7 47. Be4 Rb2 48. Kf3 Ng8 49. Kg2 Nh6 50. Bf3 Ra2 51. Rb7 Nf5 52. Rd7 Ne3+ 53. Kg1 Nc4 54. Rd4 Rc2 55. Be2 Ne5 56. Bd1 Rb2 57. Kf1 Kg7 58. Be2 Ra2 59. Rb4 Nd7 60. Rd4 Nc5 61. Rb4 Kf8 62. Rc4 Nb3 63. Ke1 Ra1+ 64. Bd1 Kg7 65. Ke2 Na5 66. Rc7 Rb1 67. Ba4 Rb8 68. Kf1 Nb7 69. Bc6 Nd6 70. Bf3 Rb3 71. Kg2 Kf6 72. Ra7 Nc4 73. Be2 Ne5 74. Ra4 Rb2 75. Kf1 Rb7 76. Ra5 Nc6 77. Ra2 Nd4 78. Bd3 Ke7 79. Be4 Rd7 80. Rb2 f5 81. Bb1 Kf6 82. Rb6 Kg7 83. f4 Kf6 84. Kf2 Rc7 85. Ke3 Nc6 86. Ba2 Nd8 87. Kd2 Re7 88. Bc4 Nf7 89. Ke3 Nd8 90. Kf2 Rc7 91. Bd3 Nf7 92. Ke3 Nh6 93. Kd4 Rd7+ 94. Kc3 Ng4 95. Bc4 Re7 96. Kd4 Nh6 97. Bb3 Nf7 98. Ke3 Nd8 99. Ke2 Kf7 100. Ke3 Nb7 101. Kd4 Rd7+ 102. Ke5 Nc5 103. Bxe6+ Nxe6 104. Rxe6 Rd3 105. Ra6 Re3+ 106. Kd5 Kg7 107. Ra7+ Kh6 108. Rb7 Rxg3 109. Ke6 Re3+ 110. Kf7 Rc3 111. Ra7 Rc4 112. Kg8 Rc8+ 113. Kf7 Rh8 114. Kf6 Rf8+ 115. Rf7 1/2-1/2

[Event "Polugaevsky Memorial 2019"]
[Site "Samara"]
[Date "2019.07.16"]
[Round "7.1"]
[White "Utegaliyev, Azamat"]
[Black "Gabrielian, Artur"]
[Result "1/2-1/2"]
[ECO "A20"]
[WhiteElo "2510"]
[BlackElo "2458"]
[Annotator "ChessBase"]
[PlyCount "141"]
[EventDate "2019.07.10"]
[EventType "swiss"]
[EventCountry "RUS"]
[SourceTitle "playchess.com"]
[Source "ChessBase"]
[SourceQuality "1"]
[TimeControl "5400+30"]

1. c4 e5 2. g3 Nc6 3. Bg2 Nf6 4. Nc3 Bc5 5. e3 O-O 6. Nge2 d6 7. d3 a6 8. O-O Ba7 9. a3 Bf5 10. h3 Re8 11. e4 Bd7 12. Kh2 Nd4 13. f4 Nxe2 14. Qxe2 b5 15. g4 Bc6 16. fxe5 Rxe5 17. Bf4 Re6 18. cxb5 axb5 19. Qd2 Bd4 20. Ne2 Be5 21. Rae1 Bb7 22. Ng3 c5 23. Bxe5 dxe5 24. g5 Ne8 25. Qf2 Nd6 26. h4 Qc7 27. Bh3 Ree8 28. h5 Bc8 29. Bxc8 Raxc8 30. h6 Qe7 31. hxg7 Qxg5 32. Qf6 Qxf6 33. Rxf6 Re6 34. Rxe6 fxe6 35. Nh5 Rc7 36. Rg1 Ne8 37. b3 Rf7 38. a4 bxa4 39. bxa4 Nf6 40. Nxf6+ Rxf6 41. a5 Rf7 42. Rc1 Rc7 43. Kg3 Kxg7 44. Kh4 Kg6 45. Rg1+ Kh6 46. a6 Ra7 47. Ra1 Kg6 48. Kg4 Kh6 49. Kf3 Kg5 50. Ke3 h5 51. Ra5 Kg4 52. Rxc5 Rxa6 53. Rc8 h4 54. Rg8+ Kh3 55. Rg5 Kh2 56. Rxe5 h3 57. d4 Kg3 58. Rg5+ Kh4 59. Rg8 h2 60. Rh8+ Kg3 61. Rg8+ Kh3 62. Rh8+ Kg2 63. Rg8+ Kf1 64. Rf8+ Kg1 65. Rg8+ Kh1 66. d5 Ra3+ 67. Kf2 Ra2+ 68. Kf1 exd5 69. exd5 Rd2 70. Rg5 Rxd5 71. Rxd5 1/2-1/2

[Event "Polugaevsky Memorial 2019"]
[Site "Samara"]
[Date "2019.07.16"]
[Round "7.2"]
[White "Goganov, Aleksey"]
[Black "Aukhatov, Roman"]
[Result "1/2-1/2"]
[ECO "D26"]
[WhiteElo "2561"]
[BlackElo "2119"]
[Annotator "ChessBase"]
[PlyCount "147"]
[EventDate "2019.07.10"]
[EventType "swiss"]
[EventCountry "RUS"]
[SourceTitle "playchess.com"]
[Source "ChessBase"]
[SourceQuality "1"]
[TimeControl "5400+30"]

1. d4 d5 2. c4 dxc4 3. Nf3 Nf6 4. e3 e6 5. Bxc4 c5 6. O-O cxd4 7. Qxd4 Qxd4 8. Nxd4 Be7 9. Be2 O-O 10. Nc3 e5 11. Ndb5 Nc6 12. Nc7 Rb8 13. Rd1 Rd8 14. N7d5 Nxd5 15. Nxd5 Bf8 16. Nc3 Be6 17. Bd2 Be7 18. Be1 Rxd1 19. Rxd1 Rd8 20. Rxd8+ Bxd8 21. a3 a6 22. g4 Be7 23. Bf3 g6 24. Nd5 Bd8 25. Nb4 Nxb4 26. Bxb4 b6 27. Kg2 f6 28. Bd6 Kf7 29. Kg3 a5 30. Bb7 Be7 31. Bc7 Bc5 32. h4 h6 33. g5 hxg5 34. hxg5 Ke7 35. gxf6+ Kxf6 36. Bd8+ Kf7 37. Kh4 Be7+ 38. Bxe7 Kxe7 39. Kg5 Bf5 40. e4 Bd7 41. Kxg6 Be6 42. Kg5 Bd7 43. Bd5 a4 44. Bg8 Bh3 45. Bc4 Bd7 46. f4 exf4 47. Kxf4 Kd6 48. Bf7 Kc5 49. Ke3 Bb5 50. e5 Bc6 51. Ba2 b5 52. e6 b4 53. axb4+ Kxb4 54. Kd4 a3 55. bxa3+ Kxa3 56. Bd5 Be8 57. Kc5 Kb2 58. e7 Kc3 59. Bc4 Bh5 60. Bb5 Bf7 61. Bf1 Be8 62. Kd5 Kd2 63. Kd6 Ke3 64. Kc7 Kd4 65. Kd8 Bh5 66. Bb5 Ke5 67. Be8 Be2 68. Bd7 Bh5 69. Be8 Be2 70. Bg6 Bb5 71. Bd3 Ba4 72. Bc2 Bb5 73. e8=B Bxe8 74. Kxe8 1/2-1/2

[Event "Polugaevsky Memorial 2019"]
[Site "Samara"]
[Date "2019.07.16"]
[Round "7.3"]
[White "Shaposhnikov, Evgeny"]
[Black "Sidorov, Anatoly"]
[Result "1-0"]
[ECO "B06"]
[WhiteElo "2575"]
[BlackElo "2321"]
[Annotator "ChessBase"]
[PlyCount "37"]
[EventDate "2019.07.10"]
[EventType "swiss"]
[EventCountry "RUS"]
[SourceTitle "playchess.com"]
[Source "ChessBase"]
[SourceQuality "1"]
[TimeControl "5400+30"]

1. Nf3 g6 2. e4 Bg7 3. d4 d6 4. Nc3 c6 5. a4 a5 6. h3 Qb6 7. Bc4 Nd7 8. O-O e5 9. Be3 exd4 10. Nxd4 Qc7 11. Ndb5 cxb5 12. Nxb5 Qd8 13. Nxd6+ Kf8 14. Nxf7 Qe7 15. e5 Nxe5 16. Bc5 Nxf7 17. Qf3 Bf5 18. Bxe7+ Nxe7 19. Bxf7 1-0

[Event "Polugaevsky Memorial 2019"]
[Site "Samara"]
[Date "2019.07.16"]
[Round "7.4"]
[White "Zhigalko, Andrey"]
[Black "Goltsev, Dmitry"]
[Result "1-0"]
[ECO "C50"]
[WhiteElo "2549"]
[BlackElo "2304"]
[Annotator "ChessBase"]
[PlyCount "95"]
[EventDate "2019.07.10"]
[EventType "swiss"]
[EventCountry "RUS"]
[SourceTitle "playchess.com"]
[Source "ChessBase"]
[SourceQuality "1"]
[TimeControl "5400+30"]

1. e4 e5 2. Nf3 Nc6 3. Bc4 Be7 4. O-O Nf6 5. d3 d6 6. c3 O-O 7. Re1 Na5 8. Bb5 a6 9. Ba4 b5 10. Bc2 c5 11. Nbd2 Ne8 12. d4 Nc6 13. a4 Nc7 14. h3 exd4 15. cxd4 Nb4 16. Bb1 bxa4 17. Rxa4 Bd7 18. Ra1 Bb5 19. Nf1 Ne6 20. d5 Nc7 21. Ne3 Re8 22. Nf5 Bf8 23. Ra3 Bd7 24. N3h4 g6 25. Rg3 Kh8 26. Bg5 f6 27. Bf4 Bxf5 28. Nxf5 gxf5 29. Qh5 Qd7 30. Bd2 Nb5 31. e5 Rxe5 32. Rxe5 dxe5 33. Bxf5 Qe7 34. Be6 Bg7 35. Bf5 Bf8 36. Be6 Bg7 37. Rg4 Nd6 38. Rh4 Bf8 39. Rg4 Bg7 40. Rh4 Bf8 41. Be3 Nd3 42. Qg6 Qg7 43. Qxd3 e4 44. Qc2 f5 45. Qxc5 Qe7 46. Rh5 Rb8 47. Bf4 Rd8 48. Bg5 1-0

[Event "Polugaevsky Memorial 2019"]
[Site "Samara"]
[Date "2019.07.16"]
[Round "7.6"]
[White "Rodchenkov, Vitaly"]
[Black "Tunik, Gennady"]
[Result "1/2-1/2"]
[ECO "B40"]
[WhiteElo "2302"]
[BlackElo "2371"]
[Annotator "NA"]
[PlyCount "100"]
[EventDate "2019.07.10"]
[EventType "swiss"]
[EventCountry "RUS"]
[SourceTitle "playchess.com"]
[Source "ChessBase"]
[SourceQuality "1"]
[TimeControl "5400+30"]

1. e4 c5 2. Nf3 e6 3. b3 a6 4. Bb2 Nc6 5. c4 Qc7 6. g3 d6 7. d4 cxd4 8. Nxd4 Nf6 9. Bg2 Be7 10. O-O O-O 11. Nc3 Nxd4 12. Qxd4 Bd7 13. a4 Rac8 14. Rfd1 Rfd8 15. a5 Rb8 16. Ba3 Be8 17. Bb4 $14 Ng4 18. Qb6 Qxb6 19. axb6 Ne5 20. Ra2 Nc6 21. Ba3 Kf8 22. Rad2 Na5 23. e5 d5 24. Bxe7+ Kxe7 25. cxd5 Nxb3 26. d6+ Kf8 27. Rb2 Nc5 28. Ne4 Nd7 29. f4 Rdc8 30. Rdd2 Rc1+ 31. Kf2 Rbc8 32. Ng5 h6 33. Nf3 Nc5 34. Nd4 Bd7 35. Rbc2 Rxc2 36. Rxc2 Ke8 37. Ke3 Kd8 38. h4 a5 39. Kd2 f6 40. f5 fxe5 41. Nxe6+ Nxe6 42. fxe6 Rxc2+ 43. Kxc2 Bxe6 44. Bxb7 Kd7 45. Be4 Kxd6 46. Kb2 Bc4 47. Ka3 Bb5 48. Kb3 g5 49. hxg5 hxg5 50. Ka3 Bc6 1/2-1/2

[Event "Polugaevsky Memorial 2019"]
[Site "Samara"]
[Date "2019.07.16"]
[Round "7.7"]
[White "Karpeshov, Oleg"]
[Black "Yatzenko, Anton"]
[Result "1/2-1/2"]
[ECO "A05"]
[WhiteElo "2286"]
[BlackElo "2355"]
[Annotator "NA"]
[PlyCount "102"]
[EventDate "2019.07.10"]
[EventType "swiss"]
[EventCountry "RUS"]
[SourceTitle "playchess.com"]
[Source "ChessBase"]
[SourceQuality "1"]
[TimeControl "5400+30"]

1. Nf3 Nf6 2. c4 e6 3. g3 d5 4. Bg2 Be7 5. d4 O-O 6. Nbd2 c5 7. dxc5 Na6 8. O-O Nxc5 9. cxd5 Nxd5 10. Nb3 Bd7 11. Nxc5 Bxc5 12. e4 Nf6 13. e5 Nd5 14. Ng5 Be7 15. Qh5 h6 16. Ne4 Qc7 $11 17. Bd2 g6 18. Qxh6 Qxe5 19. Nc3 Nf6 20. Rfe1 Qh5 21. Qf4 Qf5 22. Rad1 Qxf4 23. Bxf4 Bc6 24. Bxc6 bxc6 25. Bg5 Rfe8 26. Rd4 Rad8 27. Rc4 Nd5 28. Bxe7 Nxe7 29. Re2 Nf5 30. Kg2 e5 31. h4 Kg7 32. Rc5 f6 33. Rxc6 Re7 34. Ra6 Rb8 35. Ne4 Nd4 36. Rd2 Rb6 37. Rxb6 axb6 38. Rd3 Rc7 39. Rc3 Rd7 40. Rc8 f5 41. Ng5 e4 42. a4 Ra7 43. Rc4 Nb3 44. Rb4 Nc5 45. b3 Nd7 46. Ne6+ Kf7 47. Nf4 Rc7 48. Rd4 Ne5 49. Rd6 Rc2 50. Kf1 Rc1+ 51. Kg2 Rc2 1/2-1/2